TOP OF THE 1ST |
Watertown Headhunters batting - Pitching for Pueblo Prairie Dogs : RHP Nakamaro Uenohara
|
Pitching: RHP Nakamaro Uenohara
|
|
Batting: RHB Norberto Márquez
|
0-0: Swinging Strike 0-1: Foul Ball, location: 2F 0-2: Fly out, F7 (Flyball, 78S)
|
Batting: RHB Daniel Martínez
|
0-0: Called Strike 0-1: DOUBLE (Line Drive, 5L)
|
Batting: LHB Robin Jamieson
|
0-0: Reached on error, E3 (Groundball, 3L) Daniel Martínez to third
|
Batting: LHB Wally Harris
|
0-0: Ball Throwing error on steal attempt, E2 Daniel Martínez scores Robin Jamieson to third 1-0: Fly out, F8 (Flyball, 8RM) Runner from 3rd tags up, SCORES, no throw
|
Batting: LHB Burt Ward
|
0-0: Called Strike 0-1: Ball 1-1: DOUBLE (Line Drive, 89M)
|
Batting: RHB José Maldonado
|
0-0: Fly out, F3 (Popup, 3F)
|
Top of the 1st over - 2 run(s), 2 hit(s), 2 error(s), 1 left on base; Watertown 2 - Pueblo 0 |
BOTTOM OF THE 1ST |
Pueblo Prairie Dogs batting - Pitching for Watertown Headhunters : RHP Craig Smith
|
Pitching: RHP Craig Smith
|
|
Batting: RHB António López
|
0-0: Ball 1-0: Called Strike 1-1: Swinging Strike 1-2: Strikes out looking
|
Batting: RHB Manny Herrera
|
0-0: SINGLE (Line Drive, 8LS)
|
Batting: LHB Derrek Robinson
|
0-0: Ball 1-0: Called Strike 1-1: Fly out, F5 (Popup, 5SF)
|
Batting: RHB Currito Campos
|
0-0: Ball 1-0: Foul Ball, location: 2F 1-1: Fly out, F8 (Flyball, 8LM)
|
Bottom of the 1st over - 0 run(s), 1 hit(s), 0 error(s), 1 left on base; Watertown 2 - Pueblo 0 |
TOP OF THE 2ND |
Watertown Headhunters batting - Pitching for Pueblo Prairie Dogs : RHP Nakamaro Uenohara
|
Batting: LHB Jorge Luna
|
0-0: Ground out 4-3 (Groundball, 4)
|
Batting: RHB Andrew Deal
|
0-0: Called Strike 0-1: Ball 1-1: Swinging Strike 1-2: SINGLE (Line Drive, 8LS)
|
Batting: RHB Joe Salas
|
0-0: Ball 1-0: Ball 2-0: Called Strike 2-1: Swinging Strike 2-2: Strikes out swinging
|
Batting: RHB Norberto Márquez
|
0-0: Foul Ball, location: 2F 0-1: SINGLE (Line Drive, 8LS) Andrew Deal to second Runner from 2nd tries for 3rd, SAFE, throw made to third
|
Batting: RHB Daniel Martínez
|
0-0: Ball 1-0: Ball 2-0: Fly out, F6 (Popup, 6M)
|
Top of the 2nd over - 0 run(s), 2 hit(s), 0 error(s), 2 left on base; Watertown 2 - Pueblo 0 |
BOTTOM OF THE 2ND |
Pueblo Prairie Dogs batting - Pitching for Watertown Headhunters : RHP Craig Smith
|
Batting: RHB José Zumaya
|
0-0: Ball 1-0: Ball 2-0: Ball 3-0: Called Strike 3-1: Base on Balls
|
Batting: LHB William Romero
|
0-0: Called Strike 0-1: Ball 1-1: Grounds into double play, 4-6-3 (Groundball, 34)
|
Batting: RHB Nakamaro Uenohara
|
0-0: Ball 1-0: Foul Ball, location: 2F 1-1: SINGLE (Line Drive, 56D)
|
Batting: RHB Juan Guerrero
|
0-0: Called Strike 0-1: Foul Ball, location: 2F 0-2: Ball 1-2: Strikes out swinging
|
Bottom of the 2nd over - 0 run(s), 1 hit(s), 0 error(s), 1 left on base; Watertown 2 - Pueblo 0 |
TOP OF THE 3RD |
Watertown Headhunters batting - Pitching for Pueblo Prairie Dogs : RHP Nakamaro Uenohara
|
Batting: LHB Robin Jamieson
|
0-0: Called Strike 0-1: Ball 1-1: Called Strike 1-2: Foul Ball, location: 2F 1-2: Ball 2-2: Foul Ball, location: 2F 2-2: SINGLE (Groundball, 34D)
|
Batting: LHB Wally Harris
|
0-0: Ball 1-0: Called Strike 1-1: Ball Robin Jamieson steals 2nd base 2-1: Foul Ball, location: 2F 2-2: Ball 3-2: Base on Balls
|
Batting: LHB Burt Ward
|
0-0: Ball 1-0: Ball 2-0: Swinging Strike Balk! Robin Jamieson to third Wally Harris to second 2-1: Swinging Strike 2-2: SINGLE (Groundball, 56D) Robin Jamieson scores Wally Harris to third Runner from 3rd tries for Home, SAFE, no throw or cutoff
|
Batting: RHB José Maldonado
|
0-0: Ball Burt Ward steals 2nd base 1-0: Fly out, F8 (Flyball, 8RM)
|
Batting: LHB Jorge Luna
|
0-0: Ball 1-0: Swinging Strike 1-1: Foul Ball, location: 2F 1-2: Strikes out swinging
|
Batting: RHB Andrew Deal
|
0-0: Called Strike 0-1: Ball 1-1: Swinging Strike 1-2: Foul Ball, location: 2F 1-2: Foul Ball, location: 2F 1-2: Ground out 4-3 (Groundball, 4M)
|
Top of the 3rd over - 2 run(s), 2 hit(s), 0 error(s), 1 left on base; Watertown 4 - Pueblo 0 |
BOTTOM OF THE 3RD |
Pueblo Prairie Dogs batting - Pitching for Watertown Headhunters : RHP Craig Smith
|
Batting: RHB Jorge Vázquez
|
0-0: Called Strike 0-1: Foul Ball, location: 2F 0-2: Strikes out looking
|
Batting: RHB António López
|
0-0: Ground out 5-3 (Groundball, 56S)
|
Batting: RHB Manny Herrera
|
0-0: Ball 1-0: SINGLE (Groundball, 56D)
|
Batting: LHB Derrek Robinson
|
0-0: Ball 1-0: SINGLE (Line Drive, 7LS) Manny Herrera to second
|
Batting: RHB Currito Campos
|
0-0: Called Strike 0-1: Foul Ball, location: 2F 0-2: Foul Ball, location: 2F 0-2: Ball 1-2: Foul Ball, location: 2F 1-2: SINGLE (Groundball, 6M) Manny Herrera to third Derrek Robinson to second Runner from 3rd tries for Home, SAFE, throw made home
|
Batting: RHB José Zumaya
|
0-0: Fly out, F9 (Flyball, 89M)
|
Bottom of the 3rd over - 1 run(s), 3 hit(s), 0 error(s), 2 left on base; Watertown 4 - Pueblo 1 |
TOP OF THE 4TH |
Watertown Headhunters batting - Pitching for Pueblo Prairie Dogs : RHP Nakamaro Uenohara
|
Batting: RHB Joe Salas
|
0-0: Called Strike 0-1: Ball 1-1: Ball 2-1: Fly out, F3 (Popup, 3DF)
|
Batting: RHB Norberto Márquez
|
0-0: Called Strike 0-1: Foul Ball, location: 2F 0-2: Strikes out swinging
|
Batting: RHB Daniel Martínez
|
0-0: Called Strike 0-1: Ball 1-1: Ball 2-1: Swinging Strike 2-2: Foul Ball, location: 2F 2-2: Ball 3-2: Base on Balls
|
Batting: LHB Robin Jamieson
|
0-0: Ball 1-0: Called Strike 1-1: TRIPLE (Flyball, 9LM) Daniel Martínez scores
|
Batting: LHB Wally Harris
|
0-0: Ball 1-0: Ball 2-0: Foul Ball, location: 2F 2-1: Ball 3-1: Foul Ball, location: 2F 3-2: SINGLE (Groundball, 34D) Robin Jamieson scores
|
Batting: LHB Burt Ward
|
0-0: Ball Balk! Wally Harris to second 1-0: Ball 2-0: Called Strike 2-1: Foul Ball, location: 2F 2-2: Ball 3-2: SINGLE (Line Drive, 78S) Wally Harris to third Wally Harris scores
|
Pitching: LHP Enrique Hernández
|
|
Batting: RHB José Maldonado
|
0-0: Ball 1-0: Fly out, F7 (Flyball, 7LDF)
|
Top of the 4th over - 3 run(s), 3 hit(s), 0 error(s), 1 left on base; Watertown 7 - Pueblo 1 |
BOTTOM OF THE 4TH |
Pueblo Prairie Dogs batting - Pitching for Watertown Headhunters : RHP Craig Smith
|
Batting: LHB William Romero
|
0-0: Called Strike 0-1: Ball 1-1: Swinging Strike 1-2: Ball 2-2: Ball 3-2: Strikes out looking
|
Batting: RHB Nakamaro Uenohara
|
0-0: Ball 1-0: Foul Ball, location: 2F 1-1: Ball 2-1: Called Strike 2-2: Foul Ball, location: 2F 2-2: Ball 3-2: Strikes out looking
|
Batting: RHB Juan Guerrero
|
0-0: Called Strike 0-1: Swinging Strike 0-2: Strikes out looking
|
Bottom of the 4th over - 0 run(s), 0 hit(s), 0 error(s), 0 left on base; Watertown 7 - Pueblo 1 |
TOP OF THE 5TH |
Watertown Headhunters batting - Pitching for Pueblo Prairie Dogs : LHP Enrique Hernández
|
Batting: LHB Jorge Luna
|
0-0: Swinging Strike 0-1: SINGLE (Line Drive, 8RS)
|
Pitching: RHP Julião Edwards
|
|
Batting: RHB Andrew Deal
|
0-0: Grounds into double play, 4-6-3 (Groundball, 4)
|
Batting: RHB Joe Salas
|
0-0: Ball 1-0: Ball 2-0: Ground out 2-3 (Groundball, 23)
|
Top of the 5th over - 0 run(s), 1 hit(s), 0 error(s), 0 left on base; Watertown 7 - Pueblo 1 |
BOTTOM OF THE 5TH |
Pueblo Prairie Dogs batting - Pitching for Watertown Headhunters : RHP Craig Smith
|
Batting: RHB Jorge Vázquez
|
0-0: Called Strike 0-1: Foul Ball, location: 2F 0-2: Strikes out swinging
|
Batting: RHB António López
|
0-0: Ground out 5-3 (Groundball, 56)
|
Batting: RHB Manny Herrera
|
0-0: Called Strike 0-1: Foul Ball, location: 2F 0-2: Ball 1-2: Ball 2-2: Ground out 6-3 (Groundball, 6)
|
Bottom of the 5th over - 0 run(s), 0 hit(s), 0 error(s), 0 left on base; Watertown 7 - Pueblo 1 |
TOP OF THE 6TH |
Watertown Headhunters batting - Pitching for Pueblo Prairie Dogs : RHP Julião Edwards
|
Batting: RHB Norberto Márquez
|
0-0: Ball 1-0: Swinging Strike 1-1: Foul Ball, location: 2F 1-2: Strikes out swinging
|
Batting: RHB Daniel Martínez
|
0-0: Ball 1-0: Ball 2-0: Ball 3-0: Base on Balls
|
Batting: LHB Robin Jamieson
|
0-0: Foul Ball, location: 2F 0-1: Ball 1-1: Called Strike 1-2: Ball 2-2: Ball 3-2: Fly out, F5 (Line Drive, 5)
|
Batting: LHB Wally Harris
|
0-0: Swinging Strike 0-1: Ball 1-1: SINGLE (Line Drive, 56D) Daniel Martínez to second
|
Batting: LHB Burt Ward
|
0-0: Ball 1-0: Swinging Strike 1-1: Swinging Strike 1-2: Ground out 1-3 (Groundball, 13)
|
Top of the 6th over - 0 run(s), 1 hit(s), 0 error(s), 2 left on base; Watertown 7 - Pueblo 1 |
BOTTOM OF THE 6TH |
Pueblo Prairie Dogs batting - Pitching for Watertown Headhunters : RHP Craig Smith
|
Batting: LHB Derrek Robinson
|
0-0: Called Strike 0-1: Called Strike 0-2: Ball 1-2: Ball 2-2: Foul Ball, location: 2F 2-2: Fly out, F8 (Flyball, 8RM)
|
Batting: RHB Currito Campos
|
0-0: Called Strike 0-1: Called Strike 0-2: Ball 1-2: Ball 2-2: Strikes out swinging
|
Batting: RHB José Zumaya
|
0-0: Fly out, F7 (Flyball, 7LM)
|
Bottom of the 6th over - 0 run(s), 0 hit(s), 0 error(s), 0 left on base; Watertown 7 - Pueblo 1 |
TOP OF THE 7TH |
Watertown Headhunters batting - Pitching for Pueblo Prairie Dogs : RHP Julião Edwards
|
Batting: RHB José Maldonado
|
0-0: Ball 1-0: Ball 2-0: SINGLE (Groundball, 6MD) (infield hit)
|
Batting: LHB Jorge Luna
|
0-0: Called Strike 0-1: Called Strike 0-2: Ball 1-2: Ball 2-2: Foul Ball, location: 2F 2-2: Ball 3-2: Base on Balls José Maldonado to second
|
Batting: RHB Andrew Deal
|
0-0: Ball 1-0: Called Strike 1-1: Bunt missed! 1-2: Ball 2-2: SINGLE (Groundball, 4MD) José Maldonado to third Jorge Luna to second Runner from 3rd tries for Home, SAFE, no throw or cutoff
|
Batting: RHB Joe Salas
|
0-0: Ball 1-0: Foul Ball, location: 2F 1-1: Ball 2-1: Ball 3-1: Foul Ball, location: 2F 3-2: Base on Balls Jorge Luna to third Andrew Deal to second
|
Batting: RHB Norberto Márquez
|
0-0: Ball 1-0: Ball 2-0: Foul Ball, location: 2F 2-1: Ball 3-1: Base on Balls Jorge Luna scores Andrew Deal to third Joe Salas to second
|
Batting: RHB Daniel Martínez
|
0-0: SINGLE (Line Drive, 7LS) Andrew Deal scores Joe Salas to third Norberto Márquez to second
|
Batting: LHB Robin Jamieson
|
0-0: Ball 1-0: Called Strike 1-1: Ball 2-1: DOUBLE (Line Drive, 3L) Joe Salas scores Norberto Márquez scores Daniel Martínez to third
|
Batting: LHB Wally Harris
|
0-0: Called Strike 0-1: SINGLE (Groundball, 5D) Daniel Martínez scores Robin Jamieson to third Runner from 3rd tries for Home, SAFE, no throw or cutoff
|
Batting: LHB Burt Ward
|
0-0: Ball 1-0: Ball 2-0: Called Strike 2-1: Foul Ball, location: 2F 2-2: Foul Ball, location: 2F 2-2: Foul Ball, location: 2F 2-2: Ball 3-2: SINGLE (Groundball, 5L) Wally Harris to second
|
Pitching: RHP Carlos Rodríguez
|
|
Pinch Hitting: RHB Dave Boom
|
0-0: Sac Bunt - play at first, batter OUT! 1-4 Wally Harris to third Burt Ward to second
|
Batting: LHB Jorge Luna
|
0-0: Called Strike 0-1: Ball 1-1: Ball 2-1: Ball 3-1: Fly out, F7 (Flyball, 6D) Runner from 3rd tags up, SCORES, no throw
|
Batting: RHB Andrew Deal
|
0-0: Ball 1-0: Ball 2-0: Called Strike 2-1: Fly out, F8 (Line Drive, 78M)
|
Top of the 7th over - 8 run(s), 6 hit(s), 0 error(s), 1 left on base; Watertown 15 - Pueblo 1 |
BOTTOM OF THE 7TH |
Pueblo Prairie Dogs batting - Pitching for Watertown Headhunters : RHP Craig Smith
|
Now at 3B: Dave Boom
|
|
Batting: LHB William Romero
|
0-0: Called Strike 0-1: Ball 1-1: Foul Ball, location: 2F 1-2: Foul Ball, location: 2F 1-2: Ball 2-2: Strikes out swinging
|
Pitching: LHP Michael Stewart
|
|
Batting: RHB Nakamaro Uenohara
|
0-0: Foul Ball, location: 2F 0-1: Ball 1-1: Fly out, F8 (Flyball, 8LM)
|
Batting: RHB Juan Guerrero
|
0-0: Ball 1-0: Called Strike 1-1: Called Strike 1-2: Strikes out swinging
|
Bottom of the 7th over - 0 run(s), 0 hit(s), 0 error(s), 0 left on base; Watertown 15 - Pueblo 1 |
TOP OF THE 8TH |
Watertown Headhunters batting - Pitching for Pueblo Prairie Dogs : RHP Carlos Rodríguez
|
Batting: RHB Joe Salas
|
0-0: Fly out, F7 (Flyball, 78M)
|
Batting: RHB Norberto Márquez
|
0-0: Ball 1-0: SINGLE (Line Drive, 8LS)
|
Batting: RHB Daniel Martínez
|
Pickoff Throw to First - Error! E1 Norberto Márquez to second 0-0: Called Strike Throwing error on steal attempt, E2 Norberto Márquez scores 0-1: Ball 1-1: Reached on Error, E9 (Flyball, 89M)
|
Batting: LHB Robin Jamieson
|
0-0: Ball 1-0: Ground out 3-1 (Groundball, 34) Daniel Martínez to second
|
Batting: LHB Wally Harris
|
0-0: Ball 1-0: Called Strike 1-1: Ball 2-1: Ball 3-1: Base on Balls
|
Batting: LHB Burt Ward
|
0-0: Ball 1-0: Ball 2-0: Called Strike 2-1: Swinging Strike 2-2: Ball 3-2: Foul Ball, location: 2F 3-2: SINGLE (Line Drive, 9LS) Daniel Martínez to third Wally Harris to second Daniel Martínez scores Wally Harris to third
|
Batting: RHB Dave Boom
|
0-0: Foul Ball, location: 2F 0-1: Ball 1-1: Swinging Strike 1-2: Foul Ball, location: 2F 1-2: Foul Ball, location: 2F 1-2: Fielders Choice at 2nd, 6-4 (Groundball, 6)
|
Top of the 8th over - 2 run(s), 2 hit(s), 3 error(s), 1 left on base; Watertown 17 - Pueblo 1 |
BOTTOM OF THE 8TH |
Pueblo Prairie Dogs batting - Pitching for Watertown Headhunters : LHP Michael Stewart
|
Batting: RHB Jorge Vázquez
|
0-0: Called Strike 0-1: Ball 1-1: Fly out, F9 (Flyball, 9M)
|
Batting: RHB António López
|
0-0: Called Strike 0-1: Fly out, F6 (Popup, 56D)
|
Batting: RHB Manny Herrera
|
0-0: Called Strike 0-1: Called Strike 0-2: Strikes out looking
|
Bottom of the 8th over - 0 run(s), 0 hit(s), 0 error(s), 0 left on base; Watertown 17 - Pueblo 1 |
TOP OF THE 9TH |
Watertown Headhunters batting - Pitching for Pueblo Prairie Dogs : RHP Carlos Rodríguez
|
Batting: LHB Jorge Luna
|
0-0: Foul Ball, location: 2F 0-1: Called Strike 0-2: Ball 1-2: Strikes out swinging
|
Batting: RHB Andrew Deal
|
0-0: Ground out 6-3 (Groundball, 6S)
|
Batting: RHB Joe Salas
|
0-0: Ball 1-0: Ball 2-0: Swinging Strike 2-1: Foul Ball, location: 2F 2-2: Ground out 6-3 (Groundball, 6M)
|
Top of the 9th over - 0 run(s), 0 hit(s), 0 error(s), 0 left on base; Watertown 17 - Pueblo 1 |
BOTTOM OF THE 9TH |
Pueblo Prairie Dogs batting - Pitching for Watertown Headhunters : LHP Michael Stewart
|
Batting: LHB Derrek Robinson
|
0-0: Reached on error, E5 (Groundball, 5S)
|
Batting: RHB Currito Campos
|
0-0: Called Strike 0-1: Called Strike 0-2: Foul Ball, location: 2F 0-2: Ball 1-2: Fly out, F8 (Flyball, 8LS)
|
Batting: RHB José Zumaya
|
0-0: Ball 1-0: Foul Ball, location: 2F 1-1: Called Strike 1-2: SINGLE (Line Drive, 4M) Derrek Robinson to second
|
Batting: LHB William Romero
|
0-0: Ball 1-0: Ball 2-0: Called Strike 2-1: Ball 3-1: Base on Balls Derrek Robinson to third José Zumaya to second
|
Batting: RHB Nakamaro Uenohara
|
0-0: Ball 1-0: Ball 2-0: Called Strike 2-1: Foul Ball, location: 2F 2-2: Strikes out swinging
|
Batting: RHB Juan Guerrero
|
0-0: Fly out, F4 (Popup, 4D)
|
Bottom of the 9th over - 0 run(s), 1 hit(s), 1 error(s), 3 left on base; Watertown 17 - Pueblo 1 |
|